 Dungeon Crawl Stone Soup version 0.29.1-12-g30fa7ad0bf (webtiles) character file.

Game seed: 15261752276248698105

139 croobank the Sneak (level 4, -2/38 HPs)
             Began as a Demigod Delver on Jan 3, 2023.
             Killed from afar by an orc wizard (4 damage)
             ... with a magic dart
             ... on level 3 of the Dungeon.
             The game lasted 00:12:23 (2924 turns).

croobank the Sneak (Demigod Delver)                 Turns: 2924, Time: 00:12:23

Health: -2/38      AC:  7    Str: 13    XL:     4   Next: 70%
Magic:  8/8        EV: 15    Int: 22    God:
Gold:   110        SH:  0    Dex: 15    Spells: 5/5 levels left

rFire   . . .      SeeInvis .   a - +0 hand axe
rCold   . . .      Faith    .   (no shield)
rNeg    . . .      Spirit   .   q - +0 ring mail
rPois   .          Reflect  .   (no helmet)
rElec   .          Harm     .   y - +0 cloak
rCorr   .          Rampage  .   (no gloves)
Will    .....                   (no boots)
Stlth   +++.......              (no amulet)
HPRegen 0.12/turn               h - +6 ring of intelligence
MPRegen 0.11/turn               n - +4 ring of evasion

@: hasted, very quick
A: high MP 1, forlorn, divine attributes, camouflage 1, shaggy fur 1, wild magic
1
a: no special abilities


You were on level 3 of the Dungeon.
You visited 1 branch of the dungeon, and saw 6 of its levels.

You collected 110 gold pieces.

Inventory:

Hand Weapons
 a - a +0 hand axe (weapon)
 c - a +2 dagger of speed
 j - a +0 quarterstaff
Armour
 b - a +0 leather armour
 q - a +0 ring mail (worn)
 y - a +0 cloak (worn)
Jewellery
 h - a +6 ring of intelligence (left hand)
 l - a ring of ice
 n - a +4 ring of evasion (right hand)
Wands
 g - a wand of digging (3)
Scrolls
 i - 3 scrolls of poison
 m - a scroll of magic mapping
 p - a scroll of fog
 r - a scroll of vulnerability
Potions
 d - a potion of flight
 o - 2 potions of resistance
 s - a potion of mutation
 t - a potion of curing {unknown}
 v - a potion of haste
 w - a potion of attraction
 x - a potion of lignification {unknown}
 z - a potion of ambrosia {unknown}
 A - a potion of magic {unknown}


   Skills:
 + Level 3.3 Fighting
 + Level 2.6 Axes
 + Level 2.6 Dodging
 + Level 5.0 Stealth
 + Level 1.3 Spellcasting


You had 5 spell levels left.
You didn't know any spells.
Your spell library was empty.

Dungeon Overview and Level Annotations

Branches:
Dungeon (6/15)
 Temple: D:4-7

Shops:
D:1 [   D:4 *

Annotations:
D:3 Terence
D:4 2 transporters, Taurus's ghost, novice MiFi


Innate Abilities, Weirdness & Mutations

You have an increased reservoir of magic. (+10% MP)
You shall have no god before yourself.
Your divine heritage dramatically boosts your attributes as you level up.
Your skin changes colour to match your surroundings (Stealth+).
You are covered in fur. (AC +1)
Your spells are a little harder to cast, but a little more powerful.


Message History

The jackal completely misses you.
Things that are here:
a +0 dagger; a +0 robe You hit the jackal but do no damage.
The jackal is heavily wounded.
The jackal misses you.
The orc priest shouts!
The orc shouts!
You hit the jackal.
The jackal is severely wounded.
The orc priest begins to cast a cantrip, but forgets the words!
The jackal misses you.
You hit the jackal but do no damage.
The jackal is severely wounded.
The jackal misses you.
You hit the jackal.
You kill the jackal!
Something hits you but does no damage.
You miss something. Something hits you.
* * * LOW HITPOINT WARNING * * *
Really read the scroll of poison?
The air fills with toxic fumes!
As you read the scroll of poison, it crumbles to dust.
Something hits you.
* * * LOW HITPOINT WARNING * * *
The orc hits you but does no damage.
You hit something. You hit the orc. You miss something.
You hit the orc but do no damage. Something hits you but does no damage.
The orc closely misses you.
You miss something. You hit the orc but do no damage.
Something hits you but does no damage. The orc hits you with a +0 hand axe.
* * * LOW HITPOINT WARNING * * *
You miss something. You hit the orc. Something hits you but does no damage.
The orc hits you with a +0 hand axe.
* * * LOW HITPOINT WARNING * * *
Okay, then.
You completely miss something. You completely miss the orc.
You hear some strange, mumbled words.
A magic dart appears from out of thin air!
The magic dart hits you.
You die...

.# # ## .##. # ....
## #..#
o###..####.########
#..........o..§§§§
#.<........o...§§#
##.#######.. #o#
...# #..####@# ####
....##{#
######.#.##§#
.......#.##§#
..$.......§§#
########..###
#.......# #.#####.#
o###.# #.###


You could see an orc.

Vanquished Creatures
  Natasha (twice) (D:2)
  An orc wizard (D:3)
  2 adders (D:2)
  An orc (D:3)
  6 ball pythons
  3 endoplasms (D:1)
  3 giant cockroaches (D:1)
  6 goblins
  4 hobgoblins
  2 jackals (D:3)
  2 quokkas (D:1)
  2 frilled lizards
  7 kobolds
  A rat (D:1)
42 creatures vanquished.

Notes
Turn   | Place    | Note
-------+----------+-------------------------------------------
     0 | D:5      | croobank the Demigod Delver began the quest for the Orb.
     0 | D:5      | Reached XP level 1. HP: 18/18 MP: 3/3
    81 | D:4      | Found a transporter.
    82 | D:4      | Noticed a quasit
    83 | D:4      | Noticed Taurus's ghost (novice MiFi)
    85 | D:4      | Noticed a quasit
    85 | D:4      | Noticed a quasit
   131 | D:4      | Noticed an orc priest
   156 | D:4      | Found a transporter.
   246 | D:3      | Noticed an orc wizard
   608 | D:2      | You fall into a shaft and drop 2 floors!
   618 | D:4      | Found Tace's Elemental Accessories.
   632 | D:4      | Noticed a scorpion
   666 | D:3      | Noticed Terence
   682 | D:3      | Noticed an orc priest
   844 | D:1      | Reached XP level 2. HP: 23/25 MP: 4/4
  1126 | D:1      | Noticed a hellwing
  1222 | D:1      | Found Didetz's Armour Shop.
  1776 | D:1      | Reached XP level 3. HP: 31/31 MP: 6/6
  2400 | D:2      | Reached skill level 1 in Spellcasting
  2407 | D:2      | Noticed Natasha
  2415 | D:2      | Killed Natasha
  2416 | D:2      | Reached XP level 4. HP: 31/38 MP: 6/8
  2420 | D:2      | Noticed Natasha
  2758 | D:2      | Killed Natasha
  2879 | D:3      | Gained mutation: Your spells are a little harder to cast,
                  | but a little more powerful. [potion of mutation]
  2879 | D:3      | Gained mutation: Your skin changes colour to match your
                  | surroundings (Stealth+). [potion of mutation]
  2879 | D:3      | Gained mutation: You are covered in fur. (AC +1) [potion of
                  | mutation]
  2908 | D:3      | Reached skill level 5 in Stealth
  2924 | D:3      | Killed from afar by an orc wizard

Illustrated notes

Levels and vault maps discovered:
D:1:      dpeg_arrival_court, layout_loops_corners,
          dreamdust_ecumenical_altar_sealed_demon, serial_shops, shop_fountains
D:2:      layout_loops_ring, basic_altar, uniq_natasha
D:3:      layout_loops_ring, amcnicky_altar_gilded, uniq_terence
D:4:      layout_loops_ring, temple_hall, gammafunk_ghost_stat_death,
          nicolae_elemental_shop
D:5:      layout_basic, elyvilon_altar_1, kennysheep_mini, lemuel_tele_altar
D:6:      lemuel_insect_pit, layout_loops_ring, minmay_misc_feat_nine_boxes

Skill      XL: |  1  2  3  4 |
---------------+-------------+-----
Dodging        | 2 |  2.6
Axes           | 2 |  2.6
Fighting       | 3 |  3.3
Spellcasting   | 1 |  1.3
Stealth        | 5 |  5.0

Action                   |  1- 3 |  4- 6 || total
-------------------------+-------+-------++-------
Melee: Hand axe          |    24 |    24 ||    48
       Quarterstaff      |    67 |    11 ||    78
       Dagger            |     3 |       ||     3
       Unarmed           |       |    21 ||    21
  Use: Scroll            |    10 |     2 ||    12
       Potion            |     1 |     5 ||     6
 Stab: Sleeping          |     9 |       ||     9
Armor: Ring mail         |    41 |    22 ||    63
Dodge: Dodged            |    58 |    52 ||   110
